 Dungeon Crawl Stone Soup version 0.21.1-1-g345015f (webtiles) character file.

120 Monzz the Cudgeler (level 4, -4/34 HPs)
             Began as a Demonspawn Gladiator on May 7, 2018.
             Was a Believer of Uskayaw.
             Killed from afar by an orc wizard (7 damage)
             ... with a puff of flame
             ... on level 3 of the Dungeon.
             The game lasted 00:07:50 (1780 turns).

Monzz the Cudgeler (Demonspawn Gladiator)           Turns: 1780, Time: 00:07:51

Health: -4/34      AC: 17    Str: 14    XL:     4   Next: 75%
Magic:  4/4        EV:  7    Int: 11    God:    Uskayaw [**....]
Gold:   113        SH:  0    Dex: 14    Spells: 3/3 levels left

rFire    . . .     SeeInvis .   a - +1 flail
rCold    . . .     Gourm    .   (no shield)
rNeg     . . .     Faith    .   k - +0 chain mail
rPois    .         Spirit   .   c - +0 helmet
rElec    .         Reflect  .   (no cloak)
rCorr    .         Harm     .   (no gloves)
MR       +....                  l - +1 pair of boots
Stlth    ..........             (no amulet)
HPRegen  0.11/turn              b - ring of protection from magic
MPRegen  0.09/turn              (no ring)

@: sanguine armour
A: demonic guardian 1, sanguine armour 1
a: Stomp, Line Pass, Renounce Religion


You were on level 3 of the Dungeon.
You worshipped Uskayaw.
Uskayaw was noncommittal.
You were not hungry.

You visited 1 branch of the dungeon, and saw 3 of its levels.

You collected 113 gold pieces.

Inventory:

Hand Weapons
 a - a +1 flail (weapon)
Missiles
 d - 3 throwing nets (quivered)
Armour
 c - a +0 helmet (worn)
 k - a +0 chain mail (worn)
 l - a +1 pair of boots (worn)
Jewellery
 b - a ring of protection from magic (left hand)
Scrolls
 e - 3 scrolls of identify
 g - a scroll of random uselessness
 j - 3 scrolls of enchant weapon
Potions
 h - a potion of might {unknown}
 i - a potion of curing
 m - 2 potions of lignification
 n - 2 potions of cancellation {unknown}
 o - a potion of degeneration {unknown}
Comestibles
 f - 5 rations


   Skills:
 + Level 2.6 Fighting
 + Level 3.9 Maces & Flails
 + Level 1.8 Throwing
 * Level 1.3 Armour
 + Level 3.3 Dodging
 * Level 0.1 Invocations


You had 3 spell levels left.
You didn't know any spells.

Dungeon Overview and Level Annotations

Branches:
Dungeon (3/15)

Altars:
Uskayaw


Innate Abilities, Weirdness & Mutations

A weak demonic guardian rushes to your aid.
When seriously injured, your bleeding wounds create armour. (AC +6)


Message History

You hit the orc.
The orc is severely wounded.
You hear a shout!
The orc wizard gestures at you while chanting.
The magic dart hits you!
* * * LOW HITPOINT WARNING * * *
The orc barely misses you.
You closely miss the orc.
The orc is severely wounded.
The orc hits you but does no damage.
Your quasit closely misses the orc.
Your quasit claws the orc but does no damage. x2
An orc comes into view. It is wielding a flail.
You barely miss the orc.
The orc is severely wounded.
Your quasit barely misses the orc.
Your quasit claws the orc. x2
The orc dies!
The orc wizard begins to cast a cantrip, but forgets the words!
The orc wizard points at you and mumbles some strange words.
The puff of flame hits you!
You die...

#.....)........##### ##.######
#.8..._...8.##.......##.......##
#....###....# .......#.....#....
###.........##...............#..
#.#.##.....>.).....#.....#....
#.......###... [...##....##.##
#######.# #.#########..#.##.#
#.###.##.5)).[........#
#.....##@#####.#.#.##.#
###.#..........#..... #
##.#o##.##.#..###.###
#.......##.#..# .#
#..#.##........ #
#.#..##.####.## #..####<# #. #.#
#......# #. ..######


You could see an orc wizard and a friendly quasit.

Vanquished Creatures
  5 adders
  An ooze (D:1)
  4 worms (D:2)
  A dart slug (D:1)
  A leopard gecko (D:2)
  2 orcs (D:3)
  4 giant cockroaches
  5 goblins
  5 hobgoblins
  3 jackals (D:2)
  6 kobolds
  2 quokkas (D:2)
  A ball python (D:2)
  7 bats
  2 frilled lizards
  5 rats (D:1)
54 creatures vanquished.

Vanquished Creatures (collateral kills)
  An orc (D:3)
1 creature vanquished.

Grand Total: 55 creatures vanquished

Notes
Turn   | Place    | Note
-------+----------+-------------------------------------------
     0 | D:1      | Monzz the Demonspawn Gladiator began the quest for the Orb.
     0 | D:1      | Reached XP level 1. HP: 16/16 MP: 1/1
   108 | D:1      | Gained mutation: A weak demonic guardian rushes to your aid. [demonic ancestry]
   108 | D:1      | Reached XP level 2. HP: 7/22 MP: 2/2
   721 | D:1      | Gained mutation: When seriously injured, your bleeding wounds create armour. (AC +6) [demonic ancestry]
   721 | D:1      | Reached XP level 3. HP: 12/27 MP: 3/3
  1370 | D:2      | Reached XP level 4. HP: 34/34 MP: 4/4
  1377 | D:2      | Reached skill level 1 in Armour
  1683 | D:3      | Found a hide-covered altar of Uskayaw.
  1705 | D:3      | Became a worshipper of Uskayaw the Reveler
  1739 | D:3      | Reached * piety under Uskayaw
  1774 | D:3      | Reached ** piety under Uskayaw
  1780 | D:3      | Killed from afar by an orc wizard

Skill      XL: |  1  2  3  4 |
---------------+-------------+-----
Dodging        | 3 |  3.3
Maces & Flails | 3 |  3.9
Armour         | 1 |  1.3
Fighting       | |  2.6
Throwing       | |  1.8
Invocations    | |  0.1

Action                   |  1- 3 |  4- 6 || total
-------------------------+-------+-------++-------
Melee: Flail             |   134 |    58 ||   192
  Use: Scroll            |     5 |       ||     5
       Potion            |     2 |       ||     2
 Stab: Sleeping          |     1 |       ||     1
  Eat: Chunk             |     1 |     2 ||     3
Armor: Leather armour    |    53 |    13 ||    66
       Chain mail        |       |    22 ||    22
Dodge: Dodged            |   118 |    32 ||   150
